[Event "German Bundesliga 2024-25"]
[Site "Germany"]
[Date "2024.09.29"]
[Round "2.6"]
[White "Van Wely, Loek"]
[Black "Albers, Sasa"]
[Result "1/2-1/2"]
[Annotator "TA"]
[ECO "D38"]
[WhiteElo "2618"]
[BlackElo "2264"]
[PlyCount "162"]
[EventDate "2024.09.27"]
[EventType "team-tourn"]
[EventCountry "GER"]
[SourceTitle "playchess.com"]
[Source "ChessBase"]
[SourceQuality "1"]
[WhiteTeam "SG Solingen"]
[BlackTeam "SV Muelheim Nord"]
[TimeControl "40/5400+30:1800+30"]

1. c4 e6 2. Nc3 Nf6 3. Nf3 d5 4. d4 Bb4 5. Qa4+ Nc6 6. e3 O-O 7. Bd2 Re8 8. Rd1 h6 9. h3 Bf8 10. a3 a6 11. Qc2 dxc4 12. Bxc4 e5 13. d5 (13. Nxe5 {with more complications.} Nxe5 14. dxe5 Rxe5 15. O-O) 13... Nb8 14. e4 Nbd7 15. g4 (15. Be3 $14) 15... Bd6 16. g5 hxg5 17. Bxg5 Nf8 18. Ne2 (18. Be2 $142) 18... N8h7 19. Bh4 Bd7 20. Ng3 Qc8 21. Qd2 b5 22. Bb3 a5 23. Rg1 a4 24. Bc2 ({White should try} 24. Ba2 $11) 24... Ra6 $15 25. Ng5 Bf8 26. Nxh7 Nxh7 27. Nf5 Rg6 $36 {[%emt 0:03:16][%mdl 2048] Keeping White busy.} 28. Ke2 Qa6 (28... Rxg1 $17 29. Rxg1 Bxf5 30. exf5 e4) 29. Qe3 Nf6 30. Qf3 b4+ $1 31. Bd3 Bb5 32. Bxf6 (32. Rxg6 $15 fxg6 33. Nh6+ gxh6 (33... Kh7 34. Bxf6 Kxh6 35. Bxe5 $15) 34. Qxf6 Qxf6 35. Bxf6) 32... Rxf6 $17 33. h4 (33. Bxb5 $17 Qxb5+ 34. Ke1 (34. Qd3 Qxd3+ 35. Rxd3 Rb8 $17)) 33... bxa3 $19 34. bxa3 Rb8 35. Rg3 (35. h5 $17 {keeps fighting.}) 35... Rfb6 $2 (35... Bxa3 36. Rxg7+ Kf8 37. Rh7 $15) (35... g6 $1 $19 {[%cal Og8h7] ...Kh7! would now be deadly.} 36. h5 Bxa3) 36. h5 Bxd3+ 37. Qxd3 Rb2+ 38. Kf1 Qf6 {[%emt 0:00:28] ...R8b3 is the strong threat.} 39. Qe3 (39. Qc3 $11) 39... R8b3 $17 40. Rd3 Qa6 (40... Bxa3 41. Rxg7+ Kh8 42. Rxb3 Rxb3 43. Qa7 $18) (40... Rxd3 $17 41. Qxd3 Qb6) 41. d6 (41. Kg2 $1 $15) 41... Rxd3 (41... Rxa3 42. d7 (42. dxc7 Rc2 $11) 42... Rb8 43. Nh6+ Kh7 44. Nxf7 $14) (41... cxd6 $17 42. Kg2 Qxd3 43. Qxd3 Rxd3 44. Rxd3 Rb6) 42. Qxd3 $11 Qxd3+ 43. Rxd3 Bxd6 $17 {[%emt 0:04:08][%mdl 4096] Endgame. KRB-KRN} 44. Rg3 Bf8 {[%emt 0:03:28] Hoping for ...Rb3.} 45. Nh6+ Kh7 46. Nxf7 Rb3 {[%emt 0:02:08] And now ...Rxg3 would win.} 47. Rg6 Rxa3 48. Ng5+ Kg8 49. Ra6 Rb3 50. Rxa4 Rb6 (50... Rb8 $11) 51. Ra8 $16 Rh6 52. Rc8 c5 53. Ke2 {[%emt 0:00:26] White is more active.} (53. Kg2 $142) 53... Rf6 (53... c4 $16 54. Kd2 (54. Rxc4 Rxh5 55. Nf3 Kf7 $14) 54... g6) 54. f3 Rd6 55. Kf2 (55. Rxc5 Rd2+ 56. Kxd2 Bxc5 $16) (55. f4 exf4 56. Kf3 (56. Rxc5 Rh6 $11) 56... Rh6 $16) 55... Rf6 56. Kg3 Rh6 (56... c4 $16 {was called for.} 57. Rxc4 g6) 57. f4 ({White has to play} 57. Kg4 $18) 57... exf4+ $14 58. Kxf4 {[%emt 0:00:03] Strongly threatening e5.} c4 $2 (58... Rxh5 $14 59. e5 Rh1) 59. e5 $1 (59. Rxc4 Rf6+ 60. Kg4 Bd6 $14) 59... c3 60. e6 (60. Rxc3 Rxh5 61. Kf5 Rh1 $14) 60... c2 61. Rxc2 $2 (61. Kg4 {mates} Rf6 62. e7 (62. Rxc2 Ba3 $18) 62... c1=Q 63. exf8=Q+ (63. Rxc1 Bxe7 64. Rc8+ Bf8 $11) (63. exf8=R+ Rxf8 64. Rxc1 Rb8 $18) 63... Rxf8 64. Rxc1 Re8 65. Rc6 Kf8 66. Kf5) 61... Bd6+ $18 62. Kg4 {[%emt 0:01:30] White wants to mate with Rc8+.} Kf8 {[%emt 0:00:02] [#]} 63. Rf2+ (63. Rb2 $1 $18 {[%cal Rb2b6] and the rest is easy.}) 63... Ke8 $16 {[%emt 0:00:03] [#]} 64. Re2 (64. Ra2 $1 $16 ) 64... Ke7 $11 65. Rb2 g6 $1 66. Rb7+ Kf6 $1 67. Rf7+ Ke5 68. hxg6 Rxg6 69. Rf5+ Kd4 70. Kh5 Rg8 71. Nf7 Be7 72. Ra5 Rg1 73. Nh6 {[%emt 0:00:57] aiming for Nf5+.} Bb4 ({Better is} 73... Ke4 $11) 74. Rb5 (74. Nf5+ $1 $14 Ke4 75. Rb5) 74... Bc5 $1 {[%emt 0:00:23] The position is equal.} 75. Nf5+ Kc4 76. Rb7 Re1 77. e7 Kd5 78. Kg6 Kc6 79. Rb8 Bxe7 80. Re8 Rg1+ 81. Kf7 Bc5 {[%emt 0:00:13] Never resign too early!   Weighted Error Value: White=0.27 (precise) /Black=0.34.  Loses game:     	---       	Black=1      Missed win:     	---       	Black=1      Mistake:       	White=13    	Black=7      Inaccurate:     	White=6     	Black=6      OK:         	White=19    	Black=23     Best:        	White=6     	Black=6      Strong:       	White=1     	Black=4} 1/2-1/2

[Event "German Bundesliga 2024-25"]
[Site "Germany"]
[Date "2024.10.06"]
[Round "2.6"]
[White "Meier, Georg"]
[Black "Papp, Gabor"]
[Result "1/2-1/2"]
[Annotator "TA"]
[ECO "D02"]
[WhiteElo "2604"]
[BlackElo "2508"]
[PlyCount "61"]
[EventDate "2024.09.27"]
[EventType "team-tourn"]
[EventCountry "GER"]
[SourceTitle "playchess.com"]
[Source "ChessBase"]
[SourceQuality "1"]
[WhiteTeam "Viernheim"]
[BlackTeam "Hamburg"]
[TimeControl "40/5400+30:1800+30"]

1. Nf3 d5 2. g3 c5 3. Bg2 Nc6 4. d4 cxd4 5. Nxd4 Nf6 6. c4 e5 7. Nxc6 bxc6 8. O-O Be6 9. Nc3 Rc8 10. cxd5 cxd5 11. Qa4+ {[%emt 0:00:51] White is slightly better.} Qd7 12. Qxd7+ Kxd7 13. Rd1 Bc5 14. Na4 ({But not} 14. Bxd5 $6 Nxd5 15. Nxd5 Bxd5 16. Rxd5+ Ke6 $16) 14... Be7 15. Nc3 Bc5 16. Nxd5 (16. Bxd5 Nxd5 17. Nxd5 Bxd5 18. Rxd5+ Ke6 $11) 16... Nxd5 17. Bxd5 Bxd5 18. Rxd5+ Ke6 19. e4 Rhd8 {[%emt 0:16:10] The position is equal.} 20. Rxd8 Rxd8 $11 {[%emt 0:00:03][%mdl 4096] Endgame. KRB-KRB} 21. Bg5 f6 22. Rc1 Bb6 23. Be3 Bxe3 24. fxe3 {[%emt 0:00:05] KR-KR} Rd2 25. Rc7 g5 26. Rxh7 Rxb2 27. Rxa7 g4 28. Rg7 Rb1+ 29. Kf2 Rb2+ 30. Kf1 Rxa2 31. Rxg4 {[%emt 0:01:35] Weighted Error Value: White=0.06 (flawless) /Black=0.03 (flawless) .  Inaccurate:     	White=1     	---        OK:         	White=10    	Black=11     Best:        	White=1     	Black=3} 1/2-1/2

[Event "German Bundesliga 2024-25"]
[Site "Germany"]
[Date "2024.10.06"]
[Round "2.6"]
[White "Heimann, Andreas"]
[Black "Kurmann, Oliver"]
[Result "1/2-1/2"]
[Annotator "TA"]
[ECO "B33"]
[WhiteElo "2556"]
[BlackElo "2413"]
[PlyCount "41"]
[EventDate "2024.09.27"]
[EventType "team-tourn"]
[EventCountry "GER"]
[SourceTitle "playchess.com"]
[Source "ChessBase"]
[SourceQuality "1"]
[WhiteTeam "Deizisau"]
[BlackTeam "Bayern Muenchen"]
[TimeControl "40/5400+30:1800+30"]

1. e4 c5 2. Nf3 e6 3. d4 cxd4 4. Nxd4 Nf6 5. Nc3 Nc6 6. Ndb5 d6 7. Bf4 e5 8. Bg5 a6 9. Na3 b5 10. Nd5 Be7 11. Bxf6 Bxf6 12. c4 b4 {[%emt 0:00:15] The position is equal.} 13. Nc2 O-O 14. Be2 a5 15. O-O Bg5 16. Qd3 Be6 17. Rfd1 g6 18. a3 bxa3 19. Qxa3 Qb8 20. Bf1 Rc8 21. Rd3 {[%emt 0:05:47] Not much happened in this game.   Weighted Error Value: White=0.09 (flawless) /Black=0.01 (flawless) .  OK:         	White=3     	Black=5} 1/2-1/2

[Event "German Bundesliga 2024-25"]
[Site "Germany"]
[Date "2024.10.06"]
[Round "2.6"]
[White "Sawatzki, Frank"]
[Black "Neef, Maximilian"]
[Result "0-1"]
[Annotator "TA"]
[ECO "C02"]
[WhiteElo "2354"]
[BlackElo "2465"]
[PlyCount "61"]
[EventDate "2024.09.27"]
[EventType "team-tourn"]
[EventCountry "GER"]
[SourceTitle "playchess.com"]
[Source "ChessBase"]
[SourceQuality "1"]
[WhiteTeam "St. Pauli"]
[BlackTeam "TU Dresden"]
[TimeControl "40/5400+30:1800+30"]

1. e4 e6 2. d4 d5 3. e5 c5 4. c3 Nc6 5. Nf3 Qb6 6. Bd3 cxd4 7. O-O Bd7 8. Re1 Nge7 9. h4 {[%emt 0:05:25] Black has an edge.} Rc8 10. Na3 a6 {[%emt 0:02:07] Prevents Nb5.} 11. c4 h6 (11... Nb4 $1 $15) 12. b3 $11 Na5 13. Bb2 dxc4 14. Bxd4 Qd8 15. bxc4 (15. Nxc4 $11 Nxc4 16. bxc4) 15... Nec6 {[%emt 0:19:38][%cal Oc6d4] [#] White must now prevent ...Nxd4!} 16. Bb2 Bc5 17. Qe2 Nb4 {[%emt 0:03:48] Black is more active.} 18. Be4 Bc6 19. Red1 Qe7 20. g3 (20. Bxc6+ $1 $15 Nbxc6 (20... Naxc6 21. Nb1 $11) 21. Nb1) 20... Bxe4 $17 21. Qxe4 O-O 22. Nh2 (22. Kg2 $17) 22... Rfd8 $19 23. Ng4 (23. Bc3 {keeps fighting.}) 23... Rxd1+ 24. Rxd1 Rd8 ({Don't play} 24... Nxa2 25. Nf6+ gxf6 26. exf6 $17) 25. Nf6+ $2 (25. Ne3) 25... gxf6 26. Qg4+ Kh7 27. exf6 {[%emt 0:02:15][%csl Gb2,Gf6][%cal Rg4g7] [#]} Rxd1+ 28. Qxd1 Qf8 29. Kg2 Qg8 (29... Nxa2 30. Qb1+ Kg8 31. Qxa2 $15) 30. h5 Qg5 (30... Nxa2 31. Qb1+ Kh8 32. Qxa2 $17) 31. Nc2 {[%emt 0:01:28] Weighted Error Value: White=0.46/Black=0.15 (very precise) .  Mistake:       	White=5     	Black=1      Inaccurate:     	White=2     	Black=2      OK:         	White=7     	Black=13     Best:        	---       	Black=2} 0-1

[Event "German Bundesliga 2024-25"]
[Site "Germany"]
[Date "2024.10.06"]
[Round "2.7"]
[White "Costa, Leonardo"]
[Black "Buhmann, Rainer"]
[Result "1/2-1/2"]
[Annotator "TA"]
[ECO "C00"]
[WhiteElo "2472"]
[BlackElo "2552"]
[PlyCount "83"]
[EventDate "2024.09.27"]
[EventType "team-tourn"]
[EventCountry "GER"]
[SourceTitle "playchess.com"]
[Source "ChessBase"]
[SourceQuality "1"]
[WhiteTeam "Hamburg"]
[BlackTeam "Viernheim"]
[TimeControl "40/5400+30:1800+30"]

1. e4 e6 2. Qe2 Nc6 3. Nf3 e5 4. c3 Be7 5. g3 Nf6 6. Bg2 O-O 7. O-O d6 (7... d5 $11) 8. h3 {[%emt 0:18:09] White is slightly better.} Re8 9. b4 Bf8 10. d3 h6 11. Nbd2 Bd7 12. a4 a6 13. Nc4 b5 14. axb5 axb5 15. Rxa8 Qxa8 16. Ne3 Ne7 17. Nh2 Qc8 18. Nhg4 Nh7 19. h4 c5 (19... h5 $5 20. Nh2 $8 g6 $11) 20. bxc5 Qxc5 21. Bb2 h5 22. Nh2 Nf6 23. Ra1 Qc7 24. Nf3 Nc8 25. Ng5 Nb6 26. Bf3 g6 27. c4 bxc4 28. dxc4 Ra8 29. Rxa8 Nxa8 30. Nd5 Nxd5 31. cxd5 Be7 32. g4 Bxg5 33. hxg5 hxg4 34. Bxg4 Bxg4 35. Qxg4 $11 {[%emt 0:00:02][%mdl 4096] Endgame. KQB-KQN} Nb6 36. Qe2 {[%emt 0:01:45] Repels Qc2} Qc5 37. Qd3 Qc8 38. Kh2 Qg4 39. Bc1 $1 Nd7 40. Qh3 {[%emt 0:01:47] Prevents Nc5.} Qxh3+ 41. Kxh3 {[%emt 0:30:04] [#] aiming for Ba3.} Kf8 42. Kg4 {[%emt 0:00:00] Weighted Error Value: White=0.09 (flawless) /Black=0.10 (very precise) .  Mistake:       	---       	Black=1      Inaccurate:     	White=3     	Black=5      OK:         	White=13    	Black=12     Best:        	---       	Black=2      Strong:       	White=1     	---} (42. Ba3 $5 Ke7 $8 43. Kg4 $14) 1/2-1/2

[Event "German Bundesliga 2024-25"]
[Site "Germany"]
[Date "2024.10.06"]
[Round "2.7"]
[White "Fedorovsky, Michael"]
[Black "Graf, Alexander"]
[Result "1/2-1/2"]
[Annotator "TA"]
[ECO "D46"]
[WhiteElo "2393"]
[BlackElo "2528"]
[PlyCount "88"]
[EventDate "2024.09.27"]
[EventType "team-tourn"]
[EventCountry "GER"]
[SourceTitle "playchess.com"]
[Source "ChessBase"]
[SourceQuality "1"]
[WhiteTeam "Bayern Muenchen"]
[BlackTeam "Deizisau"]
[TimeControl "40/5400+30:1800+30"]

1. d4 Nf6 2. c4 e6 3. Nf3 d5 4. Nc3 c6 5. e3 Nbd7 6. Qc2 Be7 7. b3 O-O 8. Bb2 b6 9. Bd3 Bb7 10. O-O Qc7 11. Rad1 Rfe8 (11... h6 $11 {should be considered.}) 12. Rfe1 Rad8 {[%emt 0:01:40] White has an edge.} 13. h3 (13. Ne5 {seems wilder.} Nxe5 14. dxe5 dxc4 15. bxc4 Qxe5 16. Nd5) 13... h6 14. e4 dxe4 15. Nxe4 c5 16. dxc5 Nxc5 17. Nxf6+ Bxf6 18. Bxf6 gxf6 19. Be2 Rxd1 20. Rxd1 Rd8 21. Rxd8+ Qxd8 22. Qd2 Qxd2 23. Nxd2 $11 {[%emt 0:00:21][%mdl 4096] Endgame. KBN-KBN} a5 24. Bf3 Bxf3 25. Nxf3 {[%emt 0:00:39] KN-KN} Nd3 26. Nd2 Nb4 27. a3 Nc2 {[%emt 0:00:08] [#]} (27... Nc6 $11 {remains equal.}) 28. Ne4 (28. c5 $1 $16 {[%cal Rc5c6] And now c6 would win.} bxc5 29. Nc4) 28... Nxa3 29. Nxf6+ Kg7 30. Nd7 a4 31. bxa4 Nxc4 32. Kf1 f6 33. Ke2 Kf7 34. Kd3 ({Better is} 34. Kf3 $1 $11) 34... Nb2+ $15 35. Kc3 Nxa4+ 36. Kb4 Nb2 {[%emt 0:01:24] Strongly threatening ...Nd3+.} ({Much worse is} 36... Ke7 37. Nxf6 Nc5 38. Ng8+ Kf8 39. Nxh6 Nd3+ 40. Kb5 $11) 37. Nxb6 Nd3+ 38. Kc3 Nf4 39. Kd4 Nxg2 40. Ke4 {[%emt 0:00:04] Repels Nf4} e5 (40... Nh4 $17 {White must now prevent ...f5+.} 41. f4 h5) 41. Kf5 $1 $11 {[%emt 0:35:27] The position is equal.} Nf4 42. Nc4 Nxh3 43. Nd6+ Ke7 44. Ne4 h5 {[%emt 0:00:00] Weighted Error Value: White=0.11 (very precise) /Black=0.13 (very precise) .  Mistake:       	White=2     	Black=3      Inaccurate:     	White=1     	---        OK:         	White=13    	Black=14     Best:        	White=3     	Black=2      Strong:       	White=1     	---} 1/2-1/2

[Event "German Bundesliga 2024-25"]
[Site "Germany"]
[Date "2024.10.06"]
[Round "2.7"]
[White "Gauglitz, Gernot"]
[Black "Krause, Jonah"]
[Result "0-1"]
[Annotator "TA"]
[ECO "D78"]
[WhiteElo "2378"]
[BlackElo "2350"]
[PlyCount "112"]
[EventDate "2024.09.27"]
[EventType "team-tourn"]
[EventCountry "GER"]
[SourceTitle "playchess.com"]
[Source "ChessBase"]
[SourceQuality "1"]
[WhiteTeam "TU Dresden"]
[BlackTeam "St. Pauli"]
[TimeControl "40/5400+30:1800+30"]

1. d4 Nf6 2. Nf3 g6 3. g3 Bg7 4. Bg2 O-O 5. O-O d5 6. b3 c6 7. Bb2 a5 8. c4 a4 {[%emt 0:02:09] D78: Fianchetto Grünfeld: 6 0-0 c6.} 9. Na3 Bf5 10. Ne5 $146 ({Predecessor:} 10. Nh4 Be6 11. c5 Ne4 12. Qc2 f5 13. f3 Nf6 14. Bh3 Bc8 15. b4 Nh5 16. Bc3 {0-1 Gutierrez Olivares,D (2354)-Tikhonov,V (2160) Titled Tuesday intern op 14th Nov Early blitz 2023 (9)}) 10... Qa5 11. Nd3 Nbd7 12. b4 Qa6 13. Rc1 dxc4 14. Nxc4 Be6 15. Qc2 a3 16. Nxa3 (16. Bxa3 Qxc4 17. Qxc4 Bxc4 18. Rxc4 Rxa3 $19) 16... Bxa2 ({Black should try} 16... Bh6 $14) 17. e4 $16 Qa4 18. Qd2 Qa7 (18... Be6 $16) 19. Ra1 Bb3 20. Qc3 Ba4 21. Rfe1 Qb8 22. Nf4 e5 23. dxe5 Ng4 24. Nd3 Ngxe5 25. Kh1 Qd6 (25... Bf6 {simplifies} 26. Nxe5 Qxe5 27. Qxe5 Bxe5 28. Reb1 g5) 26. Nc5 Nxc5 27. bxc5 Qd3 28. Bf1 Qxc3 29. Bxc3 Rfd8 30. Reb1 (30. Rec1 $15 {might be stronger.}) 30... Rab8 (30... Nd7 $17 31. Bxg7 Kxg7 32. Rxb7 Nxc5) 31. f4 $11 Nd3 32. Bxg7 Kxg7 33. Bxd3 $1 Rxd3 34. Nc4 Bb3 35. Nd6 Be6 36. Rxb7 Rxb7 37. Nxb7 Bh3 38. Rc1 Rd2 39. Nd6 h5 40. Kg1 Rg2+ 41. Kh1 Re2 42. Kg1 Kf6 43. Kh1 Ke7 44. Kg1 Rg2+ 45. Kh1 h4 46. gxh4 Rg4 47. Rc3 ({But not} 47. Nc8+ $2 Kf6 48. Nd6 (48. e5+ Ke6 $17) 48... Bg2+ (48... Rxh4 49. Rc3 $11) (48... Rxf4 49. Re1 $17) 49. Kg1 Bxe4+ 50. Kf2 Bd5 $19 (50... Rxf4+ 51. Ke3 $11)) 47... Bg2+ 48. Kg1 Bxe4+ 49. Kf2 Bd5 50. f5 ({White should play} 50. Re3+ $11 Kf8 51. h5) 50... Rg2+ 51. Ke3 gxf5 52. Nxf5+ Kf6 53. Ng3 (53. Nd6 $15) 53... Ke5 54. Ne2 (54. Rc1 $17 {is a better defense.}) 54... Rxh2 $19 55. Nf4 Rxh4 56. Rc2 $2 (56. Nd3+ $17 Kf5 57. Rc1) 56... Rxf4 0-1

[Event "German Bundesliga 2024-25"]
[Site "Germany"]
[Date "2024.10.06"]
[Round "2.8"]
[White "Tarlev, Konstantin"]
[Black "Kramer, Julian"]
[Result "0-1"]
[Annotator "TA"]
[ECO "B67"]
[WhiteElo "2579"]
[BlackElo "2494"]
[PlyCount "76"]
[EventDate "2024.09.27"]
[EventType "team-tourn"]
[EventCountry "GER"]
[SourceTitle "playchess.com"]
[Source "ChessBase"]
[SourceQuality "1"]
[WhiteTeam "Viernheim"]
[BlackTeam "Hamburg"]
[TimeControl "40/5400+30:1800+30"]

1. e4 c5 2. Nf3 d6 3. d4 cxd4 4. Nxd4 Nf6 5. Nc3 Nc6 6. Bg5 e6 7. Qd2 a6 8. O-O-O Bd7 9. f3 Nxd4 10. Qxd4 Be7 11. h4 Qc7 12. g4 h5 13. gxh5 $1 Nxh5 {[%emt 0:00:33] White is slightly better.} 14. Bxe7 Kxe7 {[%emt 0:00:05] [#]} 15. e5 dxe5 $11 16. Qb4+ Ke8 {[%emt 0:14:21] With the idea ...Bc6.} 17. Ne4 {[%emt 0:25:41] Nd6+ would now be deadly.} Bc6 18. Nd6+ Kf8 19. Nf5+ Ke8 20. Nd6+ Kf8 21. Nf5+ $1 Kg8 22. Ne7+ Kh7 23. Bd3+ e4 24. fxe4 {[%emt 0:02:18] [#]} (24. Bxe4+ $2 Bxe4 25. Qxe4+ g6 26. Nxg6 fxg6 $19) (24. Qc5 $1 $11 {was the only way to keep the balance.} Qf4+ 25. Rd2) 24... Bb5 $1 $17 25. Rhf1 {[#]} (25. c4 Nf4) 25... Rhd8 (25... Bxd3 $1 $19 26. Rxd3 Rad8) 26. Bxb5 $2 (26. Kb1 $17) 26... axb5 $19 (26... Rxd1+ 27. Rxd1 axb5 28. Qxb5 $17) 27. Rxd8 (27. Rxf7 Rxd1+ 28. Kxd1 Rd8+ (28... Rxa2 29. Qxb5 Ng3 30. Kd2 $17) 29. Ke1 (29. Kc1 $2 Nf4 $19) 29... Qxc2 $19) (27. Qxb5 Ra5 28. Qb3 Rxd1+ (28... Qxe7 $2 29. Rde1 $19) 29. Rxd1 Qxe7 $19) 27... Qxd8 ({Better is} 27... Rxd8 $19 28. Qxb5 Ng3) 28. Rd1 (28. Rxf7 $2 Rxa2 29. b3 (29. Qxb5 $2 Ra1#) (29. Kb1 $2 Ra4 $19) 29... Qc7 $19) (28. Qxb5 $2 Ra5 29. Qd3 (29. Qxb7 $2 Rxa2 30. Nd5 Ra1+ 31. Kd2 Rxf1 $19) 29... Qxe7 $19) (28. Kb1 $1 $15) 28... Qb6 $40 {[%emt 0:00:29][%mdl 128] Black attacks with force.} 29. a3 Nf6 30. Kb1 {[%emt 0:00:36] [#]} (30. e5 $17 Qe3+ 31. Qd2) 30... Ra4 (30... Qc7 $1 $19 {White must now prevent ...Re8.} 31. Qd6 Qxd6 32. Rxd6 Re8 (32... Nxe4 33. Rb6 $17)) 31. Qc3 Rxe4 {[%emt 0:01:17][%cal Ob5b4] Hoping for ...b4!} 32. Qc8 ({Only move:} 32. Nc8 $1 $15 Qc6 33. Qxc6 bxc6 34. Nd6 Rxh4 35. Nxf7) 32... Rd4 ({And not} 32... Rxh4 33. Rd8 Kh6 34. Rh8+ Kg5 35. Qf8 $16) 33. Rxd4 Qxd4 34. Qxb7 Qxh4 {[%emt 0:04:32] KQN-KQN} 35. Nc8 (35. Qxb5 $17 g5 36. Nc6) 35... Qh5 $19 36. b3 $2 (36. Na7 {was called for.}) 36... Qd1+ 37. Kb2 Qd4+ 38. Kc1 $2 (38. Kb1 {was the crucial defense.}) 38... Ne4 {[%emt 0:01:00] Weighted Error Value: White=0.48/Black=0.39.  Loses game:     	White=1     	---        Missed win:     	---       	Black=1      Mistake:       	White=8     	Black=2      Inaccurate:     	---       	Black=3      OK:         	White=10    	Black=6      Best:        	White=4     	Black=7      Strong:       	White=2     	---        Brilliant:      	---       	Black=1} 0-1

[Event "German Bundesliga 2024-25"]
[Site "Germany"]
[Date "2024.10.06"]
[Round "2.8"]
[White "Koellner, Ruben Gideon"]
[Black "Rafiee, Makan"]
[Result "1-0"]
[Annotator "TA"]
[ECO "A43"]
[WhiteElo "2480"]
[BlackElo "2285"]
[PlyCount "57"]
[EventDate "2024.09.27"]
[EventType "team-tourn"]
[EventCountry "GER"]
[SourceTitle "playchess.com"]
[Source "ChessBase"]
[SourceQuality "1"]
[WhiteTeam "Deizisau"]
[BlackTeam "Bayern Muenchen"]
[TimeControl "40/5400+30:1800+30"]

1. d4 c5 2. d5 g6 3. e4 Bg7 4. Nc3 d6 5. Nf3 Bg4 6. Be2 Bxf3 7. Bxf3 (7. gxf3 $6 Nd7 $11) 7... Nf6 8. O-O {[%emt 0:00:19] White is better.} O-O 9. Be2 Na6 10. Bc4 Nc7 11. a4 a6 12. Qe2 Rb8 {[%emt 0:03:09] Black is on the road to losing.} 13. a5 {[%emt 0:00:44] White is more active.} b5 14. axb6 Rxb6 15. Ra2 (15. Bxa6 $2 {is the wrong capture.} Qa8 16. e5 dxe5 $19 (16... Rxa6 17. Rxa6 Qxa6 18. Qxa6 $17) (16... Nfxd5 17. Nxd5 Qxd5 18. exd6 $15) (16... Nxa6 17. exf6 Bxf6 18. Ne4 $16)) 15... Nb5 16. Nxb5 $16 axb5 17. Bxb5 Nxe4 18. Bc6 {[%emt 0:00:28] This pair of bishops is nice.} Nf6 19. Bd2 ({Better is} 19. Ra7) 19... Qb8 ({Black should play} 19... Qc8) 20. Qxe7 {[%emt 0:17:31] Bf4 would now be deadly.} Rxb2 (20... Qc8 $16 {was necessary.} 21. Ra8 (21. Qxd6 Nxd5 22. Qxd5 Rxc6 $16) 21... Qxa8 22. Bxa8 Rxa8) 21. Ra8 $36 {[%emt 0:00:30][%mdl 2048] White has strong initiative.} Qxa8 22. Bxa8 Rxa8 23. Qxd6 Ne4 24. Qc6 Rd8 (24... Rba2 {was worth a try.} 25. Bc1 R2a6) 25. Ba5 {[%emt 0:02:32] White is clearly winning.} Rdb8 26. d6 Nc3 27. d7 {[%emt 0:05:18] [#] Hoping for Qc8+.} (27. Qxc5 Ne2+ 28. Kh1 Rb1 $16) 27... Ne2+ 28. Kh1 Rb1 29. d8=Q+ {[%emt 0:00:19] Weighted Error Value: White=0.10 (very precise) /Black=0.58.  Mistake:       	White=1     	Black=4      Inaccurate:     	---       	Black=2      OK:         	White=7     	Black=7      Best:        	White=4     	---} 1-0

[Event "German Bundesliga 2024-25"]
[Site "Germany"]
[Date "2024.10.06"]
[Round "2.8"]
[White "Voigt, Martin"]
[Black "Wong, Gengchun"]
[Result "1/2-1/2"]
[Annotator "RC"]
[ECO "B51"]
[WhiteElo "2316"]
[BlackElo "2295"]
[PlyCount "74"]
[EventDate "2024.09.27"]
[EventType "team-tourn"]
[EventCountry "GER"]
[SourceTitle "playchess.com"]
[Source "ChessBase"]
[SourceQuality "1"]
[WhiteTeam "St. Pauli"]
[BlackTeam "TU Dresden"]
[TimeControl "40/5400+30:1800+30"]

1. e4 c5 2. Nf3 d6 3. Bb5+ Nd7 4. d4 cxd4 5. Qxd4 a6 6. Bxd7+ Bxd7 7. Nc3 e5 8. Qd3 Rc8 9. O-O h6 10. a4 Qc7 11. Nd2 Nf6 12. Rd1 Bg4 13. f3 Be6 14. Nf1 d5 15. exd5 Rd8 16. dxe6 Rxd3 17. exf7+ Qxf7 18. Rxd3 Bb4 19. Ng3 O-O 20. Be3 Rc8 21. Bd2 Qc7 22. Kh1 Rd8 23. Rxd8+ Qxd8 24. Be1 Qa5 25. h3 Nd5 26. Nxd5 Bxe1 27. Nf5 Qd2 28. c4 Bf2 29. b4 g6 30. Nd6 Bd4 31. Rf1 b6 32. Kh2 Qa2 33. Re1 Qf2 34. Rb1 Qc2 35. Re1 Qf2 36. Rb1 Qc2 37. Re1 Qf2 1/2-1/2